 Dungeon Crawl Stone Soup version 0.23-a0-307-gc3b755d (webtiles) character file.

7454 tilp the Frost Mage (level 11, -1/84 HPs)
             Began as a Merfolk Ice Elementalist on Oct 9, 2018.
             Was an Elder of Makhleb.
             Killed from afar by a gargoyle (21 damage)
             ... with a stone arrow
             ... on level 10 of the Dungeon on Oct 10, 2018.
             The game lasted 00:47:26 (11577 turns).

tilp the Frost Mage (Merfolk Ice Elementalist)     Turns: 11577, Time: 00:47:26

Health: -1/84      AC: 16    Str:  8    XL:     11   Next: 15%
Magic:  5/20       EV: 18    Int: 18    God:    Makhleb [****..]
Gold:   489        SH:  0    Dex: 15    Spells: 12/22 levels left

rFire    . . .     SeeInvis .   a - +2 short sword (elec)
rCold    + . .     Gourm    .   (no shield)
rNeg     . . .     Faith    .   I - +1 animal skin
rPois    .         Spirit   .   m - +1 helmet (curse)
rElec    .         Reflect  .   v - +1 cloak
rCorr    .         Harm     .   (no gloves)
MR       .....                  q - +1 pair of boots
Stlth    +++.......             (no amulet)
HPRegen  0.24/turn              e - ring of stealth
MPRegen  0.17/turn              x - ring of protection from cold

@: icy armour, about to teleport, very slightly contaminated
A: change form in water, swift swim, stealthy swim
a: Minor Destruction, Lesser Servant of Makhleb, Major Destruction, Renounce
Religion


You were on level 10 of the Dungeon.
You worshipped Makhleb.
Makhleb was greatly pleased with you.
You were hungry.

You visited 1 branch of the dungeon, and saw 10 of its levels.
You also visited: Bailey.

You collected 489 gold pieces.

Inventory:

Hand Weapons
 a - a +2 short sword of electrocution (weapon)
 b - a cursed +3 halberd
 E - a +0 trident of freezing
Missiles
 s - 5 silver tomahawks
 G - 52 tomahawks of returning (quivered)
Armour
 m - a cursed +1 helmet (worn)
 q - a +1 pair of boots (worn)
 v - a +1 cloak (worn)
 I - a +1 animal skin (worn)
Jewellery
 e - a ring of stealth (left hand)
 r - an uncursed ring of flight
 t - an uncursed ring of ice {unknown}
 x - a ring of protection from cold (right hand)
 y - an uncursed ring of positive energy
Wands
 h - a wand of clouds (7)
 i - a wand of polymorph (16)
 D - a wand of disintegration (8)
 H - a wand of paralysis (16)
Scrolls
 j - 8 scrolls of remove curse
 k - a scroll of vulnerability {unknown}
 l - 3 scrolls of identify
 u - a scroll of fear
 B - a scroll of teleportation
 C - 3 scrolls of fog
Potions
 d - a potion of agility
 f - 2 potions of lignification
 g - a potion of berserk rage
 o - 3 potions of curing
 p - 2 potions of brilliance
 w - a potion of flight
 z - a potion of resistance
Comestibles
 c - 21 rations


   Skills:
 + Level 7.0 Fighting
 * Level 6.5 Polearms
 + Level 9.1 Dodging
 - Level 2.1 Stealth
 - Level 6.0 Spellcasting
 - Level 2.3 Conjurations
 - Level 4.0 Charms
 - Level 10.0 Ice Magic
 - Level 5.0 Invocations
 - Level 4.0 Evocations


You had 12 spell levels left.
You knew the following spells:

 Your Spells              Type           Power        Failure   Level  Hunger
a - Freeze                Ice            ####         1%          1    None
b - Throw Frost           Conj/Ice       ####..       1%          2    None
c - Ozocubu's Armour      Chrm/Ice       ####....     1%          3    ##.....
d - Throw Icicle          Conj/Ice       ####....     10%         4    ####...

Your spell library contained the following spells:

 Spells                   Type           Power        Failure   Level  Hunger
 Ensorcelled Hibernation  Hex/Ice        ###...       2%          2    None
 Sting                    Conj/Pois      #...         8%          1    None
 Corona                   Hex            #......      12%         1    None
 Summon Ice Beast         Ice/Summ       ###.....     16%         4    ####...
 Poisonous Vapours        Pois/Air       #.....       19%         2    None
 Dazzling Spray           Conj/Hex       #.....       22%         3    ##.....
 Mephitic Cloud           Conj/Pois/Air  #.......     26%         3    ##.....
 Confuse                  Hex            #.......     34%         3    ##.....
 Tukima's Dance           Hex            #.......     34%         3    ##.....
 Olgreb's Toxic Radiance  Pois           #.......     75%         4    ####...
 Venom Bolt               Conj/Pois      #.........   90%         5    #####..


Dungeon Overview and Level Annotations

Branches:
Dungeon (10/15)            Temple (0/1) D:6            Lair (0/6) D:9
    Orc: D:9-12

Altars:
Ashenzari
Dithmenos
Gozag
Kikubaaqudgha
Makhleb
Nemelex Xobeh
Okawaru
Ru
Sif Muna
Trog
Xom
Yredelemnul
The Shining One

Shops:
D:5 (

Annotations:
D:2 Sigmund
D:3 Grinder
D:8 Maurice


Message History

As you read the scroll of fear, it crumbles to dust.
You assume a fearsome visage.
The orc looks frightened! x2
The gargoyle is unaffected.
An orc warrior comes into view. It is wielding a scimitar.
As you read the scroll of teleportation, it crumbles to dust.
You feel strangely unstable.
The gargoyle hurls a stone arrow at you.
The stone arrow misses you.
All of the chunks of flesh in your inventory have rotted away.
You feel better. The gargoyle misses you.
You hit the gargoyle.
The gargoyle is lightly damaged.
The gargoyle hits you with a mace.
* * * LOW HITPOINT WARNING * * *
An orc comes into view. It is wielding a club.
You barely miss the gargoyle.
The gargoyle is lightly damaged.
The gargoyle hurls a stone arrow at you.
The stone arrow hits you!
You die...

#......##.... .........
............. +o..o....
#...........o. #......#
..#........... #......#
..#............#(.....#
..#............#(..o..+
..#............'o##.###
..#######......#9# .o
##......#......#@# o#
#......########.# #
#...............#
#...............#
#...............#
#...............#
#...................
#################+##


You could see an orc warrior, a gargoyle and 3 orcs.

Vanquished Creatures
  A centaur skeleton (D:7)
  A polar bear (D:10)
  Prince Ribbit (D:5)
  2 hippogriffs (D:9)
  6 yaks (D:9)
  2 hungry ghosts
  Grum (D:8)
  3 wargs (D:9)
  Duvessa (D:7)
  5 ice beasts
  2 sky beasts
  2 phantoms
  4 orc warriors (Bailey)
  2 black bears (D:6)
  2 ogres
  5 wolves
  2 centaurs
  9 bullfrogs
  A gnoll sergeant (D:6)
  Dowan (D:6)
  2 scorpions
  5 wights (D:9)
  A howler monkey (D:9)
  4 crimson imps
  3 jellies
  A quasit (D:6)
  A bullfrog skeleton (D:4)
  6 orc priests
  Crazy Yiuf (D:2)
  8 orc wizards
  3 iguanas
  Natasha (thrice) (D:2)
  6 worker ants
  2 hound zombies
  A hound skeleton (D:8)
  A worker ant zombie (D:6)
  Robin (D:2)
  17 gnolls
  14 adders
  2 shadow imps
  2 white imps (D:10)
  An ooze (D:5)
  An ufetubus (D:10)
  2 worms (D:2)
  3 dart slugs
  3 leopard geckos
  36 orcs
  5 giant cockroaches
  23 goblins
  9 hobgoblins
  2 jackals (D:6)
  22 kobolds
  6 quokkas
  4 ball pythons
  5 bats
  8 frilled lizards
  A giant cockroach zombie (D:6)
  A leopard gecko skeleton (D:8)
  9 rats
  A plant (D:2)
279 creatures vanquished.

Vanquished Creatures (collateral kills)
  2 goblins (Bailey)
  2 hobgoblins (Bailey)
  A kobold (Bailey)
5 creatures vanquished.

Vanquished Creatures (others)
  A plant (D:2)
  5 toadstools (D:1)
  A withered plant (D:9)
7 creatures vanquished.

Grand Total: 291 creatures vanquished

Notes
Turn   | Place    | Note
-------+----------+-------------------------------------------
     0 | D:1      | tilp the Merfolk Ice Elementalist began the quest for the
                  | Orb.
     0 | D:1      | Reached XP level 1. HP: 13/13 MP: 3/3
   253 | D:1      | Reached XP level 2. HP: 19/19 MP: 3/5
   279 | D:1      | Learned a level 2 spell: Throw Frost
   290 | D:1      | Reached skill level 4 in Ice Magic
   667 | D:1      | Reached XP level 3. HP: 23/24 MP: 6/6
   680 | D:1      | Learned a level 3 spell: Ozocubu's Armour
  1035 | D:2      | Reached skill level 5 in Ice Magic
  1314 | D:2      | Reached XP level 4. HP: 30/30 MP: 1/7
  1437 | D:2      | Found a sparkling altar of Nemelex Xobeh.
  1438 | D:2      | Found an opulent altar of Gozag.
  1499 | D:2      | Noticed Robin
  1501 | D:2      | Noticed Natasha
  1646 | D:2      | Killed Natasha
  1698 | D:2      | Reached skill level 6 in Ice Magic
  1718 | D:2      | Killed Robin
  1718 | D:2      | Reached XP level 5. HP: 33/36 MP: 0/8
  1718 | D:2      | Noticed Natasha
  1937 | D:2      | Killed Natasha
  1937 | D:2      | Reached skill level 1 in Fighting
  2048 | D:2      | Noticed Sigmund
  2090 | D:2      | Noticed an ogre
  2276 | D:2      | Found a runed door.
  2393 | D:2      | Noticed Natasha
  2399 | D:2      | Killed Natasha
  2517 | D:2      | Found a burning altar of Makhleb.
  2525 | D:2      | Became a worshipper of Makhleb the Destroyer
  2708 | D:2      | Killed an ogre
  2708 | D:2      | Reached XP level 6. HP: 33/47 MP: 1/9
  2983 | D:2      | Reached skill level 5 in Dodging
  3509 | D:3      | Reached XP level 7. HP: 53/53 MP: 8/10
  3566 | D:3      | Found a shimmering altar of Xom.
  3568 | D:3      | Found a shattered altar of Ashenzari.
  3581 | D:3      | Found a glowing golden altar of the Shining One.
  3581 | D:3      | Noticed Grinder
  3828 | D:2      | Noticed Crazy Yiuf
  3833 | D:2      | Killed Crazy Yiuf
  3833 | D:2      | Reached * piety under Makhleb
  4207 | D:4      | Found a sacrificial altar of Ru.
  4446 | D:4      | Found a basalt altar of Yredelemnul.
  4475 | D:4      | Reached skill level 1 in Conjurations
  4555 | D:4      | Reached skill level 1 in Invocations
  4582 | D:4      | Reached skill level 1 in Charms
  4857 | D:5      | Entered Level 5 of the Dungeon
  4858 | D:5      | Noticed Prince Ribbit
  5321 | D:5      | Found Orghevupt's Weapon Boutique.
  5422 | D:5      | Found a shadowy altar of Dithmenos.
  5466 | D:5      | Found a deep blue altar of Sif Muna.
  5619 | D:5      | Killed Prince Ribbit
  5619 | D:5      | Reached XP level 8. HP: 60/60 MP: 3/12
  5968 | D:6      | Found a bloodstained altar of Trog.
  5983 | D:6      | Reached skill level 1 in Evocations
  5997 | D:6      | Found a staircase to the Ecumenical Temple.
  6409 | D:6      | Reached ** piety under Makhleb
  6769 | D:6      | Reached XP level 9. HP: 63/65 MP: 11/15
  6963 | D:7      | Found an iron altar of Okawaru.
  6972 | D:7      | Noticed Dowan
  6976 | D:7      | Noticed Duvessa
  6991 | D:7      | Killed Duvessa
  7013 | D:6      | Killed Dowan
  7048 | D:7      | Reached skill level 5 in Invocations
  7167 | D:7      | Reached skill level 5 in Spellcasting
  7285 | D:7      | Found a flagged portal.
  7452 | D:7      | Paralysed by fainting for 8 turns
  8145 | D:7      | Reached skill level 7 in Ice Magic
  8405 | D:8      | Found a shadowy altar of Dithmenos.
  8527 | D:8      | Reached skill level 5 in Fighting
  8527 | D:8      | Reached XP level 10. HP: 63/74 MP: 14/19
  8568 | D:8      | Found a flagged portal.
  8578 | D:8      | Reached *** piety under Makhleb
  8600 | Bailey   | Entered a bailey
  8834 | Bailey   | Reached skill level 8 in Ice Magic
  9049 | D:8      | Noticed Grum
  9091 | D:8      | Found an iron altar of Okawaru.
  9260 | D:8      | Noticed Maurice
  9406 | D:8      | Killed Grum
  9476 | D:8      | Reached **** piety under Makhleb
  9648 | D:9      | Upgraded the game from 0.23-a0-305-g7ffd15e to
                  | 0.23-a0-307-gc3b755d
  9664 | D:9      | Reached skill level 9 in Ice Magic
  9937 | D:9      | Found an ancient bone altar of Kikubaaqudgha.
 10073 | D:9      | Reached skill level 10 in Ice Magic
 10079 | D:9      | Learned a level 4 spell: Throw Icicle
 10335 | D:9      | Reached skill level 1 in Polearms
 10533 | D:9      | Noticed a two-headed ogre
 10660 | D:9      | Found a staircase to the Lair.
 11108 | D:9      | Reached skill level 5 in Polearms
 11108 | D:9      | Reached XP level 11. HP: 83/83 MP: 9/20
 11281 | D:10     | Entered Level 10 of the Dungeon
 11577 | D:10     | Killed from afar by a gargoyle

Vault maps used:
D:1:      ldierk_walled_garden
D:2:      grunt_temple_overflow_opulence, makhleb_grotto_becter, serial_forest,
          infiniplex_forest_clump_double, infiniplex_forest_pool,
          infiniplex_forest_lined_room_2, infiniplex_forest_clump_large,
          infiniplex_forest_clump_tiny, infiniplex_forest_straight_2,
          infiniplex_forest_lined_3, uniq_sigmund, uniq_robin,
          uniq_crazy_yiuf_cottage, uniq_natasha
D:3:      gammafunk_temple_overflow_forgotten, uniq_grinder
D:4:      nicolae_ru_awakened_eye, yredelemnul_altar_generic, first_ration
D:5:      kennysheep_little_box, basic_altar, serial_shops, shop,
          uniq_prince_ribbit1
D:6:      trog_ov_bears_minmay, temple_fountains
D:7:      enter_bailey_3, basic_altar, uniq_duvessa
D:8:      nicolae_overflow_crystal_walls, lemuel_round_altar, enter_bailey_2,
          uniq_grum, uniq_maurice
D:9:      kiku_gazebo_garden_becter, erik_lair_orcish_takeover
D:10:     minmay_orc_entry_guard_dogs, serial_ice, serial_ice_i, serial_ice_h,
          serial_ice_d, serial_ice_g, serial_ice_f, special_room, basic_altar,
          david_nohive_1, nicolae_dithmenos_through_a_glass_darkly
Bailey:   bailey_axe_1, bailey

Skill      XL: |  1  2  3  4  5  6  7  8  9 10 11 |
---------------+----------------------------------+-----
Ice Magic      | 4 5 6 7 10 | 10.0
Dodging        | 4 5 6 7 8 9 |  9.1
Fighting       | 3 4 5 6 7 |  7.0
Conjurations   | 2 |  2.3
Invocations    | 2 4 5 |  5.0
Charms         | 2 4 |  4.0
Spellcasting   | 3 4 6 |  6.0
Evocations     | 2 4 |  4.0
Polearms       | 5 6 |  6.5
Stealth        | |  2.1

Action                   |  1- 3 |  4- 6 |  7- 9 | 10-12 || total
-------------------------+-------+-------+-------+-------++-------
Melee: Short sword       |    50 |    82 |   308 |   385 ||   825
       Tailslap          |       |       |       |     3 ||     3
Throw: Stone             |       |     1 |       |       ||     1
       Tomahawk          |       |       |       |     9 ||     9
 Cast: Freeze            |    27 |    42 |    85 |    87 ||   241
       Ozocubu's Armour  |     2 |     3 |    25 |    26 ||    56
       Throw Frost       |     2 |     1 |    23 |    10 ||    36
       Throw Icicle      |       |       |       |     7 ||     7
Invok: Minor Destruction |       |       |       |     1 ||     1
       Lesser Servant of |       |       |       |     1 ||     1
Evoke: Wand              |       |       |       |     1 ||     1
  Use: Scroll            |       |    11 |     8 |     4 ||    23
       Potion            |       |       |       |     4 ||     4
 Stab: Sleeping          |     2 |     3 |     9 |     5 ||    19
       Distracted        |       |       |     1 |     1 ||     2
       Confused          |       |       |       |     2 ||     2
  Eat: Chunk             |     1 |     9 |    24 |    14 ||    48
Armor: Robe              |     8 |    26 |   118 |    44 ||   196
       Animal skin       |       |       |       |    92 ||    92
Dodge: Dodged            |    37 |    88 |   310 |   508 ||   943

Table legend:
 A = Non-vault XP
 B = Vault XP
 C = Vault XP percentage of total XP
 D = Non-vault monster count
 E = Vault monster count
 F = Vault count percentage of total count
                 A         B        C        D         E       F
            +---------+---------+-------+---------+---------+-------
      Total |    6947 |    3702 |  34.8 |     201 |      82 |  29.0
            +---------+---------+-------+---------+---------+-------
        D:1 |      56 |      11 |  16.4 |      29 |       6 |  17.1
        D:2 |     342 |     145 |  29.8 |      23 |       8 |  25.8
        D:3 |     112 |       0 |   0.0 |      19 |       0 |   0.0
        D:4 |     298 |       0 |   0.0 |      15 |       0 |   0.0
        D:5 |     217 |     277 |  56.1 |      11 |       1 |   8.3
        D:6 |     752 |     342 |  31.3 |      26 |       3 |  10.3
        D:7 |    1586 |     156 |   9.0 |      24 |       5 |  17.2
        D:8 |    1013 |     653 |  39.2 |      21 |       5 |  19.2
        D:9 |    2510 |     814 |  24.5 |      31 |      10 |  24.4
       D:10 |      61 |     711 |  92.1 |       2 |      12 |  85.7
     Bailey |       0 |     593 | 100.0 |       0 |      32 | 100.0
            +---------+---------+-------+---------+---------+-------
